 Dungeon Crawl Stone Soup version 0.30-a0-1008-g30c9307041 (webtiles) character file.

Game seed: 653177940168171322

39825 Chaicat the Cleaver (level 13, -9/137 HPs)
             Began as a Minotaur Berserker on Mar 31, 2023.
             Was a High Priest of Trog.
             Killed from afar by an oklob plant (28 damage)
             ... with a splash of acid
             ... on level 5 of the Lair of Beasts on Apr 5, 2023.
             The game lasted 00:53:43 (17637 turns).

Chaicat the Cleaver (Minotaur Berserker)           Turns: 17637, Time: 00:53:43

Health: -9/137     AC:  6    Str: 23    XL:     13   Next: 71%
Magic:  0/12       EV: 17    Int:  3    God:    Trog [*****.]
Gold:   1125       SH:  0    Dex: 14    Spells: 12/12 levels left

rFire   . . .      SeeInvis .    a - +10 rapier "Oriffig" {flame, Will+++ Str-3}
rCold   . . .      Faith    .    (no shield)
rNeg    . . .      Spirit   +    j - +0 plate armour
rPois   .          Reflect  .    n - +2 hat
rElec   .          Rampage  .    L - scarf {+Inv}
rCorr   .                        u - +1 pair of gloves
Will    +++..                    G - +0 pair of boots Stlth
                                 k - amulet of guardian spirit
HPRegen 0.42/turn                h - +5 ring of evasion
MPRegen 0.13/turn                v - +4 ring of protection

@: corroded, studying Unarmed Combat
A: horns 2, retaliatory headbutt, talons 1, robust 1, strong 1
a: Renounce Religion, Evoke Invisibility, Berserk, Trog's Hand, Brothers in Arms


You were on level 5 of the Lair of Beasts.
You worshipped Trog.
Trog was extremely pleased with you.
You visited 2 branches of the dungeon, and saw 18 of its levels.

You collected 1197 gold pieces.
You spent 72 gold pieces at shops.

Inventory:

Hand Weapons
 a - the +10 rapier "Oriffig" (weapon) {flame, Will+++ Str-3}
   (You found it on level 8 of the Dungeon)

   Str:       It affects your strength (-3).
   Will:      It greatly increases your willpower.
 b - a +7 heavy executioner's axe
 H - a +1 war axe of electrocution
Missiles
 t - 2 throwing nets (quivered)
Armour
 j - a +0 plate armour (worn)
 n - a +2 hat (worn)
 u - a +1 pair of gloves (worn)
 G - a +0 pair of boots (worn)
 L - a scarf of invisibility (worn)
Jewellery
 h - a +5 ring of evasion (left hand)
 k - an amulet of guardian spirit (around neck)
 p - a ring of positive energy
 r - a ring of willpower
 v - a +4 ring of protection (right hand)
Wands
 o - a wand of mindburst (20)
 x - a wand of quicksilver (27)
 y - a wand of polymorph (13)
 z - a wand of iceblast (6)
 B - a wand of flame (19)
 F - a wand of digging (6)
 P - a wand of paralysis (11)
Scrolls
 m - 8 scrolls of teleportation
 C - 2 scrolls of identify
 D - a scroll of fog
 E - 3 scrolls of fear
 J - 2 scrolls of silence
 K - 2 scrolls of magic mapping
Potions
 c - 4 potions of might
 d - 9 potions of flight
 e - 2 potions of mutation
 f - 11 potions of curing
 g - 6 potions of invisibility
 i - 2 potions of berserk rage
 l - 4 potions of heal wounds
 q - 4 potions of haste
 s - 2 potions of resistance
 w - a potion of cancellation
 I - 2 potions of ambrosia
 M - a potion of magic
 N - 5 potions of lignification
Miscellaneous
 A - a box of beasts


   Skills:
 + Level 14.6 Fighting
 + Level 14.6 Axes
 + Level 14.4 Armour
 + Level 13.3 Dodging
 + Level 2.1 Evocations


You had 12 spell levels left.
You didn't know any spells.
Your spell library was empty.

Dungeon Overview and Level Annotations

Branches:
Dungeon (13/15)            Temple (0/1) D:6            Lair (5/5) D:8
  Swamp (0/4) Lair:2       Spider (0/4) Lair:2        Slime (0/5) Lair:4
    Orc (0/2) D:11
 Vaults: D:13-14

Altars:
Ashenzari
Elyvilon
Fedhas
Hepliaklqana
Kikubaaqudgha
Qazlal
Sif Muna
Trog
Uskayaw
Vehumet
Yredelemnul
Jiyva
Lugonu

Shops:
D:5 :   D:11 *   D:12 (*

Portals:
Abyss: Lair:3
Trove: D:12 (show slimy rune of Zot)

Annotations:
Lair:5 exclusion: oklob plant


Innate Abilities, Weirdness & Mutations

You have a pair of horns on your head.
You reflexively headbutt those who attack you in melee.
You have sharp toenails.
You are robust. (+10% HP)
Your muscles are strong. (Str +4, Int/Dex -1)


Message History

The oklob plant is severely damaged.
You hit the oklob plant but do no damage.
The oklob plant is severely damaged.
You hit the oklob plant but do no damage.
The oklob plant is severely damaged.
You hit the oklob plant. You burn the oklob plant.
The oklob plant is severely damaged.
The oklob plant spits acid at you. The splash of acid hits you!!
* * * LOW HITPOINT WARNING * * *
You hit the oklob plant but do no damage.
You headbutt the oklob plant, but do no damage.
The oklob plant is severely damaged.
The oklob plant spits acid at you. The splash of acid hits you!
* * * LOW HITPOINT WARNING * * *
You hit the oklob plant but do no damage.
The oklob plant is severely damaged.
The oklob plant spits acid at you. The splash of acid hits you!
* * * LOW HITPOINT WARNING * * *
The acid corrodes you!
You hit the oklob plant but do no damage.
The oklob plant is severely damaged.
The oklob plant spits acid at you. The splash of acid hits you!
* * * LOW HITPOINT WARNING * * *
You feel much better. The oklob plant spits acid at you.
The splash of acid hits you!
* * * LOW HITPOINT WARNING * * *
The acid corrodes you!
You hit the oklob plant but do no damage.
The oklob plant is severely damaged.
You hit the oklob plant but do no damage.
You headbutt the oklob plant, but do no damage.
The oklob plant is severely damaged.
The oklob plant spits acid at you. The splash of acid hits you!!
You die...

.....#..††.....#P.##
.......#.......####.....
............#####..#....
.....⌠....##............
#.......##.............
#.⌠...⌠.#..............
##.......##.............
#....⌠.P...#...###.####.
.......@...##.#.##### #.
..####.#.......## #.# ##
#...#...#..####.####
#....##.⌠...#.#...#.#
#.#....#...#†.....P...
###.........†.........
#....#....#......#..
#.#..##...###P..P#.. #
#. #...# ###.###P


You could see an oklob plant.

Vanquished Creatures
  Frances (D:12)
  Gastronok (D:8)
  4 hydras
  3 tengu warriors
  Erica (Lair:1)
  A centaur warrior (D:13)
  A two-headed ogre (D:9)
  The ghost of diodin the Magician, a novice GnWr of Cheibriados (D:10)
  2 ugly things
  A deep elf pyromancer (D:12)
  2 cyclopes
  3 manticores
  A spectral centaur (D:10)
  3 elephants (Lair:2)
  Joseph (D:10)
  3 centaur zombies (D:10)
  4 black mambas
  2 molten gargoyles (Lair:4)
  A gargoyle (D:11)
  A torpor snail (Lair:2)
  7 cane toads
  Maggie (D:9)
  4 rime drakes
  3 kobold demonologists (D:12)
  3 unseen horrors
  3 komodo dragons
  A tengu conjurer (D:13)
  4 polar bears
  4 trolls
  8 blink frogs (Lair:4)
  A wraith (D:9)
  A shadow (D:10)
  A centaur simulacrum (D:10)
  4 wyverns
  A fire elemental (D:12)
  2 vampires
  Grum (D:10)
  4 basilisks
  32 yaks
  2 steam dragons
  The ghost of TheSexyCheese the Firebug, an amateur DrFE (D:3)
  7 vampire mosquitoes
  2 acid dragons
  4 water moccasins
  A swamp drake (D:8)
  An ice beast (D:6)
  6 black bears
  2 sky beasts
  7 orc warriors
  3 ogres
  3 wolves (D:10)
  A centaur (D:10)
  A phantom (D:6)
  3 kobold brigands
  A gnoll sergeant (D:9)
  11 bullfrogs
  4 scorpions
  14 wights
  11 killer bees (D:8)
  2 howler monkeys (D:7)
  8 lava snakes
  2 hounds (D:6)
  2 jellies (D:6)
  9 orc priests
  2 gnoll boudas
  2 iguanas (D:5)
  6 orc wizards
  13 adders
  20 gnolls
  A shadow imp (D:6)
  A white imp (D:6)
  2 ufetubi
  2 worms
  2 dart slugs
  37 orcs
  8 ball pythons
  5 bats
  6 endoplasms
  5 giant cockroaches
  7 goblins
  5 hobgoblins
  3 jackals (D:1)
  14 kobolds
  8 quokkas
  3 frilled lizards
  3 rats
  3 rat zombies (D:7)
  A lurking horror (Lair:3)
389 creatures vanquished.

Vanquished Creatures (others)
  4 fungi
  A lurking horror (Lair:3)
  8 plants
13 creatures vanquished.

Grand Total: 402 creatures vanquished

Notes
Turn   | Place    | Note
-------+----------+-------------------------------------------
     0 | D:1      | Chaicat the Minotaur Berserker began the quest for the Orb.
     0 | D:1      | Reached XP level 1. HP: 19/19 MP: 0/0
   149 | D:1      | Reached XP level 2. HP: 27/27 MP: 1/1
   716 | D:2      | Reached XP level 3. HP: 27/33 MP: 2/2
   746 | D:2      | Reached ** piety under Trog
  1231 | D:3      | Reached XP level 4. HP: 39/41 MP: 3/3
  1270 | D:3      | Found a broken altar of Ashenzari.
  1496 | D:3      | Found a runed translucent gate.
  1496 | D:3      | Found a runed translucent gate.
  1498 | D:3      | Found a runed translucent gate.
  1500 | D:3      | Noticed TheSexyCheese's ghost (amateur DrFE)
  2111 | D:3      | Reached XP level 5. HP: 43/47 MP: 4/4
  2119 | D:3      | Killed TheSexyCheese's ghost
  2120 | D:3      | Reached skill level 5 in Fighting
  2120 | D:3      | Reached skill level 5 in Axes
  2121 | D:3      | Reached XP level 6. HP: 49/56 MP: 5/5
  2190 | D:4      | Found a hide-covered altar of Uskayaw.
  3131 | D:4      | Found a stormy altar of Qazlal.
  3134 | D:4      | Found a radiant altar of Vehumet.
  3293 | D:5      | Entered Level 5 of the Dungeon
  3297 | D:5      | Reached *** piety under Trog
  3326 | D:5      | Reached skill level 5 in Armour
  3326 | D:5      | Reached XP level 7. HP: 62/62 MP: 6/6
  3446 | D:5      | Reached skill level 5 in Dodging
  3694 | D:5      | Found a hazy altar of Hepliaklqana.
  3712 | D:5      | Found Ropyt's Book Shop.
  3844 | D:5      | Reached XP level 8. HP: 71/71 MP: 7/7
  4160 | D:6      | Gained mutation: You are robust. (+10% HP) [potion of
                  | mutation]
  4160 | D:6      | Gained mutation: You have sharp fingernails. [potion of
                  | mutation]
  4397 | D:6      | Upgraded the game from 0.30-a0-972-gf3ab3527aa to
                  | 0.30-a0-1008-g30c9307041
  4558 | D:6      | Found a shimmering blue altar of Sif Muna.
  4779 | D:6      | Found a staircase to the Ecumenical Temple.
  5192 | D:7      | Reached **** piety under Trog
  5331 | D:7      | Reached XP level 9. HP: 58/89 MP: 5/8
  5647 | D:7      | Found an ancient bone altar of Kikubaaqudgha.
  6197 | D:8      | Identified the +10 rapier "Oriffig" {flame, Will+++ Str-3}
  6400 | D:8      | Found a blossoming altar of Fedhas.
  6597 | D:8      | Noticed Gastronok
  6623 | D:8      | Killed Gastronok
  6624 | D:8      | Reached XP level 10. HP: 48/102 MP: 4/9
  7149 | D:8      | Reached skill level 10 in Fighting
  7149 | D:8      | Reached skill level 10 in Axes
  7256 | D:8      | Found a staircase to the Lair.
  7635 | D:9      | Reached skill level 10 in Armour
  8253 | D:9      | Noticed a two-headed ogre
  8260 | D:9      | Killed a two-headed ogre
  8261 | D:9      | Reached XP level 11. HP: 101/111 MP: 8/10
  8357 | D:9      | Reached ***** piety under Trog
  8613 | D:9      | Found a white marble altar of Elyvilon.
  8659 | D:9      | Noticed Maggie
  8669 | D:9      | Killed Maggie
  9224 | D:10     | Entered Level 10 of the Dungeon
  9369 | D:10     | Reached skill level 10 in Dodging
  9482 | D:10     | Noticed Joseph
  9497 | D:10     | Killed Joseph
  9841 | D:10     | Found a basalt altar of Yredelemnul.
 10021 | D:10     | Noticed Grum
 10023 | D:10     | Found a runed translucent gate.
 10023 | D:10     | Found a runed translucent gate.
 10023 | D:10     | Found a runed translucent gate.
 10030 | D:10     | Killed Grum
 10048 | D:10     | Noticed diodin's ghost (novice GnWr)
 10329 | D:10     | Killed diodin's ghost
 10762 | D:11     | Found Sujumut's Assorted Antiques.
 11000 | D:11     | Found a staircase to the Orcish Mines.
 11074 | D:11     | Noticed a purple ugly thing
 11080 | D:11     | Received a gift from Trog
 11088 | D:11     | Killed a purple ugly thing
 11090 | D:11     | Reached XP level 12. HP: 76/124 MP: 6/11
 11298 | D:11     | Found a bloodstained altar of Trog.
 11592 | D:12     | Found Kehipe's General Store.
 11820 | D:12     | Noticed Frances
 11831 | D:12     | HP: 4/124 [red devil/+0 trident[Frances] (11)]
 11833 | D:12     | Killed Frances
 12340 | D:12     | Found a portal to a secret trove of treasure.
 12341 | D:12     | Found Ihyesoaso's Antique Weapon Boutique.
 13009 | D:12     | Bought a +0 pair of boots for 72 gold pieces
 13175 | D:13     | Noticed a four-headed hydra
 13181 | D:13     | Noticed a tengu warrior
 13182 | D:13     | Noticed a tengu warrior
 13183 | D:13     | Killed a four-headed hydra
 13195 | D:12     | Killed a tengu warrior
 13386 | D:12     | Killed a tengu warrior
 13450 | D:13     | Noticed a centaur warrior
 13455 | D:13     | Noticed a tengu warrior
 13456 | D:13     | Killed a centaur warrior
 13463 | D:13     | Killed a tengu warrior
 13664 | D:13     | Noticed a centaur warrior
 14087 | Lair:1   | Entered Level 1 of the Lair of Beasts
 14092 | Lair:1   | Reached XP level 13. HP: 135/135 MP: 12/12
 14131 | Lair:1   | Noticed Erica
 14141 | Lair:1   | Killed Erica
 14757 | Lair:2   | Found a hole to the Spider Nest.
 14766 | Lair:2   | You fall into a shaft and drop 1 floor!
 14872 | Lair:3   | Found a corrupted altar of Lugonu.
 15025 | Lair:2   | Found a staircase to the Swamp.
 15195 | Lair:2   | Identified the +0 robe "Hero's Friend" {rC+}
 15496 | Lair:3   | Identified the amulet of the Raven {RegenMP rElec rC+}
 15640 | Lair:3   | Found a one-way gate to the infinite horrors of the Abyss.
 15721 | Lair:3   | Lost mutation: You have sharp fingernails. [potion of
                  | mutation]
 15721 | Lair:3   | Lost mutation: You are robust. (+10% HP) [potion of
                  | mutation]
 15721 | Lair:3   | Gained mutation: You have sharp toenails. [potion of
                  | mutation]
 15721 | Lair:3   | Gained mutation: You are robust. (+10% HP) [potion of
                  | mutation]
 15721 | Lair:3   | Gained mutation: Your muscles are strong. (Str +4, Int/Dex
                  | -1) [potion of mutation]
 15753 | Lair:3   | Identified the +3 rapier of Bakuali {flame, rElec rPois rF-
                  | rC++}
 17063 | Lair:4   | Found a viscous altar of Jiyva.
 17065 | Lair:4   | Found a staircase to the Slime Pits.
 17150 | Lair:4   | Reached skill level 1 in Evocations
 17485 | Lair:5   | Entered Level 5 of the Lair of Beasts
 17637 | Lair:5   | Killed from afar by an oklob plant

Illustrated notes

Levels and vault maps discovered:
D:1:      eino_arrival_cavern_b, layout_loops_ring
D:2:      layout_rooms, minivault_23, grunt_ministairs_13, st_stairs_7,
          dk_noncrumbling_4
D:3:      layout_loops_cross, nicolae_ashenzari_skybound, gammafunk_ghost_split
D:4:      layout_basic, mainiacjoe_overflow_brackets, nicolae_overflow_squiral,
          minmay_pentangle
D:5:      layout_basic, worldfamousw_hep_ancestral_shrine, serial_shops, shop
D:6:      layout_basic, nicolae_sif_muna_condensation,
          minmay_temple_entry_enclosed_plants
D:7:      layout_gridville, lemuel_zombie_altar_kikubaaqudgha
D:8:      layout_basic, mainiacjoe_overflow_paths, erik_lair_dragon,
          uniq_gastronok
D:9:      layout_grid_maze, elyvilon_altar_4, uniq_maggie
D:10:     layout_loops_ring, kennysheep_mini, gammafunk_ghost_necromancy,
          uniq_joseph, uniq_grum
D:11:     layout_basic, david_orc_4, serial_shops, nicolae_square_shop,
          trog_three_pillars_becter
D:12:     layout_gridville, nicolae_trove_entry_free_sample, serial_shops,
          nicolae_shop_hallway_stairs, minmay_misc_feat_five,
          minmay_misc_feat_diagonals, nicolae_inconvenience_store, uniq_frances
D:13:     layout_small_grid, hangedman_vaults_entry_quadrant_bands
Lair:1:   layout_big_grid, uniq_erica
Lair:2:   layout_roguey, swamp_mist_pool, dummy_spider_entry
Lair:3:   layout_regular_city, amcnicky_altar_lugonu_corruption,
          infiniplex_staircase_pool_2, serial_bayou_shore_a
Lair:4:   cheibrodos_magma_flow, layout_cellular_growth, slime_entry_1,
          serial_bayou_shore_b
Lair:5:   wormcave, layout_regular_city, guppyfry_lair_end_dragon,
          grunt_megastairs_4

Skill      XL: |  1  2  3  4  5  6  7  8  9 10 11 12 13 |
---------------+----------------------------------------+-----
Fighting       | 4 5 6 7 9 10 12 13 14 | 14.6
Axes           | 4 5 6 7 9 10 12 13 14 | 14.6
Armour         | 3 4 5 6 7 9 10 12 13 14 | 14.4
Dodging        | 3 4 5 6 8 9 11 12 13 | 13.3
Evocations     | 2 |  2.1

Action                     |  1- 3 |  4- 6 |  7- 9 | 10-12 | 13-15 || total
---------------------------+-------+-------+-------+-------+-------++-------
  Melee: Hand axe          |    80 |   116 |   386 |    66 |       ||   648
         Headbutt          |     7 |    21 |    96 |    99 |    32 ||   255
         Punch             |       |     2 |     6 |     5 |     1 ||    14
         Rapier            |       |       |       |   216 |    39 ||   255
         War axe           |       |       |       |   150 |       ||   150
         Executioner's axe |       |       |       |    94 |   108 ||   202
 Invoke: Trog's Hand       |       |       |     1 |     3 |       ||     4
    Use: Scroll            |     3 |     6 |     6 |    14 |     5 ||    34
         Potion            |       |       |     2 |     3 |     2 ||     7
   Stab: Confused          |       |       |       |     2 |       ||     2
 Armour: Animal skin       |     5 |       |       |       |       ||     5
         Scale mail        |    15 |       |       |       |       ||    15
         Plate armour      |     8 |    61 |   177 |   386 |   117 ||   749
  Dodge: Dodged            |    38 |    89 |   257 |   562 |   195 ||  1141

Table legend: (Time is in decaauts)
 A = Elapsed time spent in this place.
 B = Non-inter-level travel time spent in this place.
 C = Inter-level travel time spent in this place.
 D = Time resting spent in this place.
 E = Time spent auto-exploring this place.
 F = Levels seen in this place.
 G = Mean time per level.
                   A        B        C        D        E       F      G
               +--------+--------+--------+--------+--------+-----+--------+
         Total |  17846 |  17233 |    613 |   1579 |  12508 |  18 |  991.4 |
       Dungeon |  14168 |  13626 |    542 |   1329 |   9745 |  13 | 1089.8 |
          Lair |   3677 |   3606 |     71 |    250 |   2763 |   5 |  735.4 |
               +--------+--------+--------+--------+--------+-----+--------+

Top non-repeatable levels by time:
    D:12: 2146 daAuts
     D:9: 1659 daAuts
  Lair:3: 1523 daAuts
     D:8: 1517 daAuts
    D:10: 1269 daAuts
     D:4: 1105 daAuts
     D:7: 1067 daAuts
    D:11: 1066 daAuts
     D:3: 976 daAuts
     D:6: 928 daAuts
     D:5: 858 daAuts
  Lair:4: 794 daAuts
  Lair:2: 756 daAuts
     D:1: 662 daAuts
     D:2: 561 daAuts
